 Dungeon Sprint DCSS version 0.21.1-1-g345015fe64 (webtiles) character file.

5215 Groucho the Ninja (level 10, 0/66 HPs)
             Began as a Felid Berserker on Feb 18, 2018.
             Was the Champion of Trog.
             Killed by divine providence
             ... invoked by a daeva
              (12 damage)
             ... in the Dungeon (Sprint I: "Red Sonja").
             The game lasted 00:09:21 (3674 turns).

Groucho the Ninja (Felid Berserker)                 Turns: 3674, Time: 00:09:22

Health: 0/66       AC:  2    Str: 18    XL:     10   Next: 35%
Magic:  11/11      EV: 28    Int: 10    God:    Trog [******]
Gold:   1606       SH:  0    Dex: 18    Spells: 9/9 levels left
                                        Lives:  0   Deaths: 2

rFire    . . .     SeeInvis +     - Unarmed
rCold    . . .     Gourm    .   (shield unavailable)
rNeg     . . .     Faith    .   (armour unavailable)
rPois    .         Spirit   .   (helmet unavailable)
rElec    .         Reflect  .   (cloak unavailable)
rCorr    .         Harm     .   (gloves unavailable)
MR       +....     NoTele   +   (boots unavailable)
Stlth    ..........             (no amulet)
HPRegen  0.21/turn              c - ring of flight
MPRegen  0.12/turn              (no ring)

@: berserking, glowing, very quick
A: very small, no armour, no weapons or thrown items, stealth, claws 1, fangs 3,
horns 1, see invisible, carnivore, deterioration 1, speed 1, frail 1, shaggy fur
2, slow metabolism 1, wild magic 1, sharp paws
a: Berserk, Trog's Hand, Brothers in Arms, Burn Spellbooks, Renounce Religion,
Evoke Flight


You were in the Dungeon.
You worshipped Trog.
Trog was exalted by your worship.
You were hungry.

You visited 1 branch You collected 1669 gold pieces.
You spent 63 gold pieces at shops.

Inventory:

Jewellery
 c - a ring of flight (left paw)
Wands
 h - a wand of polymorph (17)
Scrolls
 j - a scroll of identify
 k - a scroll of enchant armour {unknown}
Potions
 b - 2 potions of flight
 d - 4 potions of haste
 e - 2 potions of magic
 f - a potion of berserk rage
 g - 2 potions of curing
Comestibles
 a - a ration


   Skills:
 + Level 9.4 Fighting
 + Level 11.9 Dodging
 O Level 27 Stealth
 * Level 12.5 Unarmed Combat


You had 9 spell levels left.
You didn't know any spells.

Dungeon Overview and Level Annotations

Branches:
Dungeon (1/1)

Altars:
Cheibriados
Dithmenos
Elyvilon
Fedhas
Gozag
Hepliaklqana
Kikubaaqudgha
Makhleb
Nemelex Xobeh
Okawaru
Qazlal
Ru
Sif Muna
Trog
Uskayaw
Vehumet
Wu Jian
Xom
Yredelemnul
Zin
The Shining One
Jiyva
Lugonu

Shops:
D %[[?*[[![(%[%%![!


Innate Abilities, Weirdness & Mutations

You cannot wear armour.
You are incapable of wielding weapons or throwing items.
Your paws allow you to move quietly. (Stealth)
You have sharp claws.
You have razor-sharp teeth.
You have supernaturally acute eyesight. (SInv)
You are carnivorous and can eat meat at any time.
You cover ground quickly.
You are covered in thick fur. (AC +2)
You have a slow metabolism.
Your sharp claws are effective at attacking unaware monsters.
You have a pair of small horns on your head.
Your body sometimes deteriorates upon taking damage.
You are frail. (-10% HP)
Your spells are a little harder to cast, but a little more powerful.


Message History

A red film seems to cover your vision as you go berserk!
You feel yourself moving faster!
You feel mighty!
You are feeling hungry.
The unseen horror barely misses you. The unseen horror hits you!
* * * LOW HITPOINT WARNING * * *
You are too injured to fight recklessly!
You are too injured to fight recklessly!
You are too injured to fight recklessly!
You are too injured to fight recklessly!
You are too injured to fight recklessly!
Unknown command.
You completely miss the unseen horror. You bite the unseen horror.
The unseen horror is lightly wounded.
The unseen horror completely misses you.
The unseen horror barely misses you.
The unseen horror completely misses you.
The unseen horror hits you but does no damage.
The daeva calls down the wrath of the Shining One upon you.
The Shining One smites you!
You die...

'..)#.§#§§§.§§§§§§§'÷.#.^+
#...##'#§####.§§.§##..'^^#
#)..)..#§# ##.§§#######+#
#####..§§# ###'# $$##
#..##+#### #.##$$$#
'§§#§.^§§# #..###$#
#..#§.§.§+ ##.#A#$#
##'###^§.# #..###$#
##.'.#.§.# #@##..$#
.###.#§§## #xx#+###
[∩##.#..# ##x.x# ####.##+#
###.# §§##§# .# §§§§§# #
####§# ...#.# ..#+§#


You could see a daeva and 4 unseen horrors.

Vanquished Creatures
  A hydra (D)
  2 centaur warriors (D)
  Sonja (D)
  A deep troll (D)
  2 unseen horrors (D)
  A lindwurm (D)
  An oklob plant (D)
  A gargoyle (D)
  2 kobold demonologists (D)
  A hornet (D)
  A slime creature (D)
  Sigmund (D)
  2 redbacks (D)
  A yak (D)
  13 hogs (D)
  3 floating eyes (D)
  7 necrophages (D)
  An ogre (D)
  8 jellies (D)
  Ijyb (D)
  2 ballistomycetes (D)
53 creatures vanquished.

Vanquished Creatures (collateral kills)
  4 demonic crawlers (D)
4 creatures vanquished.

Vanquished Creatures (others)
  A gargoyle (D)
  2 ballistomycete spores (D)
3 creatures vanquished.

Grand Total: 60 creatures vanquished

Notes
Turn   | Place    | Note
-------+----------+-------------------------------------------
     0 | D        | Groucho the Felid Berserker began the quest for the Orb.
     0 | D        | Reached XP level 1. HP: 10/10 MP: 2/2
     2 | D        | Noticed Ijyb
    17 | D        | Killed Ijyb
    17 | D        | Reached skill level 8 in Stealth
    17 | D        | Reached XP level 2. HP: 7/14 MP: 3/3
   411 | D        | Noticed an ogre
   415 | D        | Killed an ogre
   415 | D        | Reached skill level 12 in Stealth
   415 | D        | Reached XP level 3. HP: 17/17 MP: 4/4
   415 | D        | Reached XP level 4. HP: 21/21 MP: 5/5
   549 | D        | Killed a gargoyle
   640 | D        | Noticed Sigmund
   642 | D        | Killed Sigmund
   642 | D        | Reached ** piety under Trog
   642 | D        | Reached skill level 16 in Stealth
   642 | D        | Reached XP level 5. HP: 24/24 MP: 6/6
   662 | D        | Found a deep blue altar of Sif Muna.
   663 | D        | Found an ornate altar of the Wu Jian Council.
   664 | D        | Found a radiant altar of Vehumet.
   670 | D        | Gained mutation: You are covered in thick fur. (AC +2) [Felid growth]
   670 | D        | Reached XP level 6. HP: 19/28 MP: 7/7
  1044 | D        | Found Wemuq's Antique Armour Emporium.
  1044 | D        | Found an ancient bone altar of Kikubaaqudgha.
  1044 | D        | Found a hazy altar of Hepliaklqana.
  1044 | D        | Found a stormy altar of Qazlal.
  1044 | D        | Found a hide-covered altar of Uskayaw.
  1044 | D        | Found a blossoming altar of Fedhas.
  1044 | D        | Found a bloodstained altar of Trog.
  1044 | D        | Found an iron altar of Okawaru.
  1044 | D        | Found a basalt altar of Yredelemnul.
  1044 | D        | Found a glowing golden altar of the Shining One.
  1044 | D        | Found a snail-covered altar of Cheibriados.
  1044 | D        | Found a sacrificial altar of Ru.
  1044 | D        | Found a glowing silver altar of Zin.
  1044 | D        | Found a shadowy altar of Dithmenos.
  1044 | D        | Found a white marble altar of Elyvilon.
  1044 | D        | Noticed a yak
  1045 | D        | Found an opulent altar of Gozag.
  1046 | D        | Killed a yak
  1046 | D        | Reached skill level 18 in Stealth
  1047 | D        | Found a sparkling altar of Nemelex Xobeh.
  1071 | D        | Found a burning altar of Makhleb.
  1071 | D        | Found a shimmering altar of Xom.
  1071 | D        | Noticed a slime creature
  1072 | D        | Found a viscous altar of Jiyva.
  1072 | D        | Found a corrupted altar of Lugonu.
  1074 | D        | Killed a slime creature
  1074 | D        | Reached *** piety under Trog
  1074 | D        | Reached skill level 19 in Stealth
  1074 | D        | Reached XP level 7. HP: 31/31 MP: 8/8
  1097 | D        | Noticed a kobold demonologist
  1098 | D        | Noticed a kobold demonologist
  1100 | D        | Reached skill level 20 in Stealth
  1102 | D        | Killed a kobold demonologist
  1102 | D        | Reached skill level 21 in Stealth
  1104 | D        | Killed a kobold demonologist
  1104 | D        | Reached **** piety under Trog
  1104 | D        | Reached skill level 22 in Stealth
  1104 | D        | Reached XP level 8. HP: 34/34 MP: 9/9
  1129 | D        | Noticed a centaur warrior
  1129 | D        | Noticed a centaur warrior
  1130 | D        | Killed a centaur warrior
  1130 | D        | Reached skill level 24 in Stealth
  1131 | D        | Killed a centaur warrior
  1131 | D        | Reached skill level 25 in Stealth
  1131 | D        | Reached XP level 9. HP: 37/37 MP: 10/10
  1142 | D        | Reached skill level 26 in Stealth
  1153 | D        | Noticed an oklob plant
  1155 | D        | Killed an oklob plant
  1155 | D        | Reached ***** piety under Trog
  1172 | D        | Reached skill level 27 in Stealth
  1623 | D        | Noticed an unseen horror
  1623 | D        | Noticed an unseen horror
  1628 | D        | Killed an unseen horror
  1628 | D        | Reached skill level 5 in Dodging
  1628 | D        | Reached skill level 5 in Unarmed Combat
  1628 | D        | Reached XP level 10. HP: 42/42 MP: 11/11
  1630 | D        | Killed an unseen horror
  1630 | D        | Reached skill level 5 in Fighting
  1670 | D        | Reached ****** piety under Trog
  2090 | D        | Found Cotoept's Magic Scroll Shoppe.
  2090 | D        | Found Asentaov's Antique Armour Shop.
  2090 | D        | Found Ohyf's General Store.
  2092 | D        | Found Vughicseobb's Antique Armour Emporium.
  2092 | D        | Found Estibbom's Armour Shop.
  2092 | D        | Found Ytta's Distillery.
  2092 | D        | Found Fualucs's Antique Armour Boutique.
  2092 | D        | Found Utenisan's Antique Weapon Emporium.
  2092 | D        | Found Netzat's Food Shop.
  2092 | D        | Found Rauphu Hyde's Armour Shoppe.
  2096 | D        | Found Icoasheu's Food Boutique.
  2097 | D        | Found Noeckudgh's Distillery.
  2097 | D        | Found Xyimash's Food Boutique.
  2098 | D        | Found Xopiach's Distillery.
  2107 | D        | Bought a potion of flight for 30 gold pieces
  2115 | D        | Bought a potion of flight for 33 gold pieces
  2166 | D        | Noticed a deep troll
  2168 | D        | Killed a deep troll
  2180 | D        | Found Otipn's Armour Emporium.
  2194 | D        | Noticed Sonja
  2197 | D        | Killed Sonja
  2213 | D        | Found Xaall's Food Boutique.
  2534 | D        | Mangled by a demonic crawler
  2535 | D        | Reached XP level 9. HP: -7/40 MP: 10/10
  2539 | D        | Killed a demonic crawler
  2546 | D        | Killed a demonic crawler
  2546 | D        | Killed a demonic crawler
  2553 | D        | Killed a demonic crawler
  2553 | D        | Reached skill level 10 in Unarmed Combat
  2846 | D        | Noticed a lindwurm
  2849 | D        | Slain by a lindwurm
  2850 | D        | Reached XP level 8. HP: -2/40 MP: 9/9
  2860 | D        | Killed a lindwurm
  2860 | D        | Reached skill level 10 in Dodging
  2860 | D        | Reached XP level 9. HP: 44/44 MP: 10/10
  2985 | D        | Reached XP level 10. HP: 29/49 MP: 11/11
  3409 | D        | Noticed a 12-headed hydra
  3411 | D        | Killed a 12-headed hydra
  3427 | D        | Gained mutation: Your spells are a little harder to cast, but a little more powerful. [potion of mutation]
  3427 | D        | Gained mutation: You are frail. (-10% HP) [potion of mutation]
  3427 | D        | Gained mutation: Your body sometimes deteriorates upon taking damage. [potion of mutation]
  3427 | D        | Gained mutation: You have a pair of small horns on your head. [potion of mutation]
  3483 | D        | Noticed a gargoyle
  3507 | D        | Killed a gargoyle
  3665 | D        | Noticed a daeva
  3668 | D        | Noticed an unseen horror
  3668 | D        | Noticed an unseen horror
  3668 | D        | Noticed an unseen horror
  3670 | D        | Noticed an unseen horror
  3674 | D        | Killed from afar by a daeva

Skill      XL: |  1  2  3  4  5  6  7  8  9 10 |
---------------+-------------------------------+-----
Stealth        | 8 12 16 19 22 25 27 | 27.0
Fighting       | 8 9 |  9.4
Dodging        | 10 11 9 | 11.9
Unarmed Combat | 11 12 | 12.5

Action                   |  1- 3 |  4- 6 |  7- 9 | 10-12 || total
-------------------------+-------+-------+-------+-------++-------
Melee: Unarmed           |    15 |     6 |    91 |    59 ||   171
       Punch             |       |     1 |     7 |     3 ||    11
       Bite              |       |       |    11 |    10 ||    21
       Headbutt          |       |       |       |     2 ||     2
Invok: Berserk           |     2 |       |     2 |     4 ||     8
       Trog's Hand       |       |       |     4 |     2 ||     6
       Brothers in Arms  |       |       |     3 |     3 ||     6
  Use: Scroll            |       |       |     1 |     1 ||     2
       Potion            |       |       |     2 |     1 ||     3
 Stab: Sleeping          |     2 |     3 |     9 |    14 ||    28
  Eat: Chunk             |       |     8 |     3 |       ||    11
Armor: Skin              |       |       |     1 |     1 ||     2
Dodge: Dodged            |     4 |     3 |    79 |    44 ||   130
